 Dungeon Sprint DCSS version 0.30.1-9-gdf580d7c3d (webtiles) character file.

Game seed: 14816368618636371547

307392 Heoruswealwe the Minotaur Porcupine (level 18, -26/200 HPs)
             Began as a Minotaur Fighter on Oct 24, 2023.
             Was an Initiate of Gozag.
             Annihilated by an Orb Guardian (43 damage)
             ... in the Dungeon (Sprint IX: "|||||||||||||||||||||||||||||").
             The game lasted 01:35:54 (10432 turns).

Heoruswealwe the Minotaur Porcupine (MiFi)         Turns: 10432, Time: 01:35:55

Health: -26/200    AC: 46    Str: 29    XL:     18   Next: 90%
Magic:  3/17       EV: 15    Int:  8    God:    Gozag
Gold:   5910       SH:  0    Dex:  7    Spells: 17/17 levels left

rFire   + + +        b - +9 glaive of Dolyq {vamp, rC- rN+ Int+3}
rCold   x . .        (shield currently unavailable)
rNeg    + . .        c - +14 plate armour of the Clam {rElec Dex-5 SInv}
rPois   +            g - +2 hat
rElec   +            h - scarf {repulsion}
rCorr   +            f - +2 pair of gloves {infuse}
SInv    +            e - +2 pair of boots {rampage}
Will    ++...        i - amulet "Biwimac" {RegenMP rElec rF+++ Will- Str+3} Stlth
                     k - ring "Adill" {rElec rPois rCorr Dex+5}
HPRegen 0.53/turn    j - ring "Daunkir" {Contam rF+ Will++ Slay+4}
MPRegen 0.55/turn

%: no teleportation, random rage (3%), repel missiles, rampage, infuse magic (1
MP)
@: on berserk cooldown, slowed, unable to read, very slow
A: horns 2, retaliatory headbutt, berserk 1, clumsy 2, weak 1, subdued magic 1,
inability to read after injury 1
}: 5/17 runes: decaying, serpentine, barnacled, silver, gossamer
a: Renounce Religion, Potion Petition, Call Merchant, Bribe Branch


You were in the Dungeon.
You worshipped Gozag.
Gozag was greatly pleased with you.
You visited 1 branch You collected 41303 gold pieces.
You spent 10562 gold pieces at shops.
You paid 24831 gold pieces to Gozag.

Inventory:

Hand Weapons
 a - a +9 demon trident of protection
 b - the +9 glaive of Dolyq (weapon) {vamp, rC- rN+ Int+3}
   (You bought it in a shop in the Dungeon)

   Int:       It affects your intelligence (+3).
   rC:        It makes you vulnerable to cold.
   rN:        It protects you from negative energy.
 I - a +2 bardiche of flaming
 N - the +5 bardiche of the Crafting Spider {freeze, rElec Will+ Stlth+}
   (You found it in the Dungeon)

   rElec:     It insulates you from electricity.
   Will:      It increases your willpower.
   Stlth:     It makes you more stealthy.
Armour
 c - the +14 plate armour of the Clam (worn) {rElec Dex-5 SInv}
   (You bought it in a shop in the Dungeon)

   Dex:       It affects your dexterity (-5).
   rElec:     It insulates you from electricity.
   SInv:      It lets you see invisible.
 d - a +0 tower shield
 e - a +2 pair of boots of rampaging (worn)
 f - a +2 pair of gloves of infusion (worn)
 g - a +2 hat (worn)
 h - a scarf of repulsion (worn)
Jewellery
 i - the amulet "Biwimac" (around neck) {RegenMP rElec rF+++ Will- Str+3}
   (You acquired it in the Dungeon)

   [amulet of magic regeneration]

   It increases your rate of magic regeneration.
   Str:       It affects your strength (+3).
   rF:        It renders you almost immune to fire.
   rElec:     It insulates you from electricity.
   Will:      It decreases your willpower.
 j - the ring "Daunkir" (right hand) {Contam rF+ Will++ Slay+4}
   (You bought it in a shop in the Dungeon)

   [ring of protection from fire]

   Slay:      It affects your accuracy & damage with ranged weapons and melee
   (+4).
   rF:        It protects you from fire.
   Contam:    It causes magical contamination when unequipped.
   Will:      It greatly increases your willpower.
 k - the ring "Adill" (left hand) {rElec rPois rCorr Dex+5}
   (You found it in the Dungeon)

   [ring of resist corrosion]

   Dex:       It affects your dexterity (+5).
   rElec:     It insulates you from electricity.
   rPois:     It protects you from poison.
   rCorr:     It protects you from acid and corrosion.
 x - the amulet of the Air {Inacc Air Fly rElec RMsl}
   (You bought it in a shop in the Dungeon)

   [amulet of nothing]

   Inacc:     It reduces the accuracy of your attacks and spells.
   Air:       It enhances your air magic.
   rElec:     It insulates you from electricity.
   Fly:       It grants you flight.
   RMsl:      It protects you from missiles.
 G - the ring of Tireisto {*Slow rC+++ EV+3 Int-5 SInv}
   (You found it in the Dungeon)

   [ring of evasion]

   EV:        It affects your evasion (+3).
   Int:       It affects your intelligence (-5).
   rC:        It renders you almost immune to cold.
   SInv:      It lets you see invisible.
   *Slow:     It may slow you when you take damage.
 L - the ring of Eluf {rN+ Will+ Dex+3}
   (You found it in the Dungeon)

   [ring of dexterity]

   Dex:       It affects your dexterity (+3).
   rN:        It protects you from negative energy.
   Will:      It increases your willpower.
 M - the ring of Dybuukir {rPois Will- Str+2 Dex+2 Slay+3}
   (You found it in the Dungeon)

   [ring of slaying]

   Str:       It affects your strength (+2).
   Dex:       It affects your dexterity (+2).
   Slay:      It affects your accuracy & damage with ranged weapons and melee
   (+3).
   rPois:     It protects you from poison.
   Will:      It decreases your willpower.
Wands
 l - a wand of light (15)
 u - a wand of mindburst (14)
 v - a wand of polymorph (4)
 D - a wand of flame (17)
 F - a wand of paralysis (7)
Scrolls
 q - 5 scrolls of identify
 r - 7 scrolls of enchant armour
 w - 3 scrolls of blinking
Potions
 m - a potion of ambrosia
 n - 3 potions of might
 o - 7 potions of haste
 p - 6 potions of berserk rage
 s - 9 potions of curing
 z - 5 potions of mutation
 E - a potion of heal wounds
 O - a potion of resistance
 P - 8 potions of magic
Miscellaneous
 t - a condenser vane
 y - a box of beasts
 A - a phial of floods
 B - a lightning rod (4/4)
 C - a phantom mirror
 K - a piece from Xom's chessboard (15/15)


   Skills:
 O Level 27 Fighting
 + Level 26.2(27) Axes
 + Level 26.3(27) Maces & Flails
 O Level 27 Polearms
 + Level 12.4(26.4) Staves
 + Level 11.4 Ranged Weapons
 O Level 27 Armour
 O Level 27 Dodging
 O Level 27 Shields
 + Level 24.9 Evocations


You had 17 spell levels left.
You didn't know any spells.
Your spell library contained the following spells:

 Spells                   Type           Power      Damage    Failure   Level
 Sting                    Tmut/Pois      0%         1d3       73%         1
 Lesser Beckoning         Tloc           0%         N/A       86%         2
 Dispersal                Tloc           0%         N/A       100%        6
 Eringya's Noxious Bog    Tmut/Pois      0%         N/A       100%        6


Dungeon Overview and Level Annotations

Branches:
Dungeon (1/1)

Altars:
Cheibriados
Dithmenos
Elyvilon
Fedhas
Gozag
Hepliaklqana
Kikubaaqudgha
Makhleb
Nemelex Xobeh
Okawaru
Qazlal
Ru
Sif Muna
Trog
Uskayaw
Vehumet
Wu Jian
Xom
Yredelemnul
Zin
The Shining One
Jiyva
Lugonu

Shops:
D *((**=(((*****=*=*


Innate Abilities, Weirdness & Mutations

You have a pair of horns on your head.
You reflexively headbutt those who attack you in melee.
You sometimes lose your temper in combat.
You are very clumsy. (Dex -4)
You are weak. (Str -2)
Your spells are a little easier to cast, but a little less powerful.
You occasionally lose the ability to read scrolls when taking damage.


Message History

The Orb Guardian is distracted by your dazzling golden aura.
You slash the Orb Guardian!
The Orb Guardian is no longer distracted by gold.
The Orb Guardian is moderately wounded.
The Orb Guardian is no longer distracted by gold. x2
The Orb Guardian barely misses you.
The Orb Guardian is distracted by your dazzling golden aura.
The Orb Guardian hits you!
* * * LOW HITPOINT WARNING * * *
You slice the Orb Guardian!!
You feel better.
The Orb Guardian is heavily wounded.
The Orb Guardian hits you! The Orb Guardian hits you!!
You feel threatened and lose the ability to read scrolls!
* * * LOW HITPOINT WARNING * * *
The Orb Guardian hits you but does no damage.
You feel much better.
The Orb Guardian hits you but does no damage.
The Orb Guardian hits you!!
* * * LOW HITPOINT WARNING * * *
The Orb Guardian completely misses you.
You cannot read scrolls in your current state!
You cut the Orb Guardian into ribbons!!!
Your headbutt misses the Orb Guardian.
The Orb Guardian is severely wounded.
The Orb Guardian misses you. You furiously retaliate!
You headbutt the Orb Guardian!
The Orb Guardian hits you but does no damage.
You hit the Orb Guardian.
You feel better.
The Orb Guardian is severely wounded.
The Orb Guardian is no longer distracted by gold.
The Orb Guardian completely misses you. The Orb Guardian hits you!
* * * LOW HITPOINT WARNING * * *
The moth of wrath goads the Orb Guardian on!
The Orb Guardian goes berserk!
You completely miss the Orb Guardian.
You headbutt the Orb Guardian, but do no damage.
The Orb Guardian is severely wounded.
The Orb Guardian hits you!!!
You die...
Your body crumbles into a pile of gold.

?♣.▓.▓.▓'▓.▓.▓.▓,*,*,*,*+*,*,*
.♣.▓.▓.▓.▓.▓.▓.▓.▓,*,*,*,*,*,*
.♣.▓.▓.▓.▓.▓.▓.▓y▓,*,*,*,*,*,*
.♣.▓[▓.▓.▓.▓.▓.▓.▓,*,*,*,*,*,*
.♣.▓.▓.▓.▓.▓.▓.▓X▓,*,*,*,*,*,*
.♣.▓(▓.▓.▓.▓)▓.▓X▓,*,*,*,*,*,*
.♣.▓.▓.▓.▓.▓)▓.▓.▓,*,*,*,*,*,*
.♣.▓'▓.▓.▓.▓)▓.▓X▓,*,*,*,*,*,*
.♣.▓.▓.▓.▓.▓'▓.▓@▓,*,*,*,*,*,*
.♣.▓.▓.▓?▓.▓.▓.▓$▓,*,*,*,*,*,*
.♣.▓[▓.▓.▓.▓.▓.▓$▓,*,*,*,*,*,*
.♣[▓)▓.▓.▓.▓.▓.▓$▓,*,*,*,*,*,*
'♣.▓[▓.▓?▓)▓.▓.▓.▓,*,*,*+*,*,*
.▓.▓.▓.▓.▓!▓.▓.▓.▓,*,*,*,*,*,*
.▓.▓(▓.▓.▓.▓.▓.▓.▓,*,*,*,*,*,*
.▓.▓[▓.▓.▓.▓=▓.▓.▓,*,*,*,*,*,*
[▓.▓.▓.▓.▓.▓.▓.▓.▓,*,*,*,*,*+*


You could see 3 Orb Guardians and a moth of wrath.

Vanquished Creatures
  6 ancient liches (D)
  3 orbs of fire (D)
  Mennas (D)
  Sojobo (D)
  Boris (D)
  Frederick (D)
  A Killer Klown (D)
  Saint Roka (D)
  Jory (D)
  A golden dragon (D)
  2 bone dragons (D)
  2 electric golems (D)
  3 tentacled monstrosities (D)
  2 quicksilver dragons (D)
  21 Orb Guardians (D)
  A lich (D)
  Frances (D)
  3 death cobs (D)
  A sphinx (D)
  7 storm dragons (D)
  7 shadow dragons (D)
  3 tengu reavers (D)
  Donald (D)
  5 nagarajas (D)
  5 fire giants (D)
  A draconian monk (D)
  Ilsuiw (D)
  A frost giant (D)
  4 emperor scorpions (D)
  5 vault wardens (D)
  A draconian scorcher (D)
  Louise (D)
  4 ghost moths (D)
  2 draconian shifters (D)
  3 draconian annihilators (D)
  A draconian stormcaller (D)
  11 stone giants (D)
  2 ironbound preservers (D)
  2 ironbound thunderhulks (D)
  3 green draconians (D)
  4 vampire knights (D)
  4 black draconians (D)
  2 yellow draconians (D)
  A deep elf annihilator (D)
  Nessos (D)
  4 red draconians (D)
  A bunyip (D)
  A white draconian (D)
  A spark wasp (D)
  3 purple draconians (D)
  An entropy weaver (D)
  A fire dragon (D)
  3 ettins (D)
  A deep elf high priest (D)
  Josephine (D)
  A great orb of eyes (D)
  A merfolk javelineer (D)
  6 merfolk impalers (D)
  A yaktaur captain (D)
  3 ice dragons (D)
  A rakshasa (D)
  A ghost crab (D)
  5 hydras (D)
  2 spriggan air magi (D)
  2 ogre magi (D)
  2 centaur warriors (D)
  25 vault guards (D)
  A merfolk avatar (D)
  3 ironbound frosthearts (D)
  A radroach (D)
  An anaconda (D)
  6 merfolk aquamancers (D)
  2 boulder beetles (D)
  2 deep troll shamans (D)
  3 deep troll earth magi (D)
  An orc high priest (D)
  A vampire mage (D)
  4 naga warriors (D)
  A death yak (D)
  2 hell knights (D)
  2 shock serpents (D)
  A spriggan (D)
  Sonja (D)
  A shadow wraith (D)
  2 skysharks (D)
  4 iron trolls (D)
  A glowing orange brain (D)
  A bog body (D)
  9 swamp dragons (D)
  4 deep trolls (D)
  A naga ritualist (D)
  A wizard (D)
  A harpy (D)
  6 ironbound convokers (D)
  4 deep elf pyromancers (D)
  A necromancer (D)
  An ugly thing (D)
  An orc knight (D)
  11 moths of wrath (D)
  2 will-o-the-wisps (D)
  A wolf spider (D)
  2 cyclopes (D)
  3 vault sentinels (D)
  A manticore (D)
  3 black mambas (D)
  4 guardian serpents (D)
  A cane toad (D)
  A torpor snail (D)
  A naga mage (D)
  A demonic crawler (D)
  An unseen horror (shapeshifter) (D)
  A rime drake (D)
  A kobold demonologist (D)
  An unseen horror (D)
  A komodo dragon (D)
  A yaktaur (D)
  A freezing wraith (D)
  2 merfolk (D)
  A hornet (D)
  6 polar bears (D)
  A tyrant leech (D)
  4 trolls (D)
  A meliai (D)
  2 snapping turtles (D)
  A blink frog (shapeshifter) (D)
  2 jumping spiders (D)
  3 culicivoras (D)
  4 wyverns (D)
  4 wraiths (D)
  5 yaks (D)
  2 steam dragons (D)
  2 redbacks (D)
  2 acid dragons (D)
  2 nagas (D)
  2 water moccasins (D)
  A floating eye (D)
  13 orc warriors (D)
  A swamp drake (D)
  2 black bears (D)
  A phantom (D)
  5 orc priests (D)
  2 hounds (D)
  3 orc wizards (D)
  8 orcs (D)
  2 goblins (D)
  A hobgoblin (D)
  2 quokkas (D)
  A ball python (D)
398 creatures vanquished.

Vanquished Creatures (others)
  A wizard (D)
  2 foxfires (D)
3 creatures vanquished.

Grand Total: 401 creatures vanquished

Notes
Turn   | Place    | Note
-------+----------+-------------------------------------------
     0 | D        | Heoruswealwe the Minotaur Fighter began the quest for the
                  | Orb.
     0 | D        | Reached XP level 1. HP: 19/19 MP: 0/0
    29 | D        | Noticed a phantom
    29 | D        | Noticed a hound
    29 | D        | Noticed a hound
    29 | D        | Noticed a water moccasin
    41 | D        | Killed a water moccasin
    42 | D        | Reached XP level 2. HP: 28/31 MP: 1/1
    42 | D        | Reached XP level 3. HP: 34/38 MP: 2/2
    42 | D        | Reached XP level 4. HP: 41/45 MP: 3/3
    49 | D        | Reached XP level 5. HP: 49/52 MP: 4/4
    67 | D        | Killed a phantom
    68 | D        | Reached skill level 10 in Polearms
    74 | D        | Found a snail-covered altar of Cheibriados.
    74 | D        | Found a shadowy altar of Dithmenos.
    74 | D        | Found a white marble altar of Elyvilon.
    74 | D        | Found a blossoming altar of Fedhas.
    74 | D        | Found an opulent altar of Gozag.
    75 | D        | Found a hazy altar of Hepliaklqana.
    76 | D        | Found a viscous altar of Jiyva.
    77 | D        | Found an ancient bone altar of Kikubaaqudgha.
    78 | D        | Found a corrupted altar of Lugonu.
    79 | D        | Found a burning altar of Makhleb.
    80 | D        | Found a sparkling altar of Nemelex Xobeh.
    81 | D        | Found an iron altar of Okawaru.
    82 | D        | Became a worshipper of Gozag Ym Sagoz the Greedy
    83 | D        | Found a stormy altar of Qazlal.
    84 | D        | Found a sacrificial altar of Ru.
    85 | D        | Found a shimmering blue altar of Sif Muna.
    86 | D        | Found a bloodstained altar of Trog.
    87 | D        | Found a hide-covered altar of Uskayaw.
    88 | D        | Found a radiant altar of Vehumet.
    89 | D        | Found an ornate altar of the Wu Jian Council.
    90 | D        | Found a shimmering altar of Xom.
    91 | D        | Found a basalt altar of Yredelemnul.
    92 | D        | Found a glowing silver altar of Zin.
    93 | D        | Found a glowing golden altar of the Shining One.
   156 | D        | Noticed a steam dragon
   156 | D        | Noticed a wraith
   156 | D        | Noticed a yak
   156 | D        | Noticed a troll
   156 | D        | Noticed a steam dragon
   157 | D        | Killed a steam dragon
   158 | D        | Reached XP level 6. HP: 63/63 MP: 5/5
   160 | D        | Killed a troll
   161 | D        | Reached XP level 7. HP: 71/71 MP: 6/6
   171 | D        | Killed an unseen horror
   172 | D        | Reached skill level 10 in Fighting
   172 | D        | Reached skill level 10 in Armour
   175 | D        | Killed a yak
   184 | D        | Killed a wraith
   185 | D        | Reached skill level 15 in Polearms
   185 | D        | Reached XP level 8. HP: 57/82 MP: 7/7
   257 | D        | Noticed a deep elf pyromancer
   257 | D        | Noticed a blink frog
   257 | D        | Noticed a boulder beetle
   257 | D        | Noticed a kobold demonologist
   257 | D        | Noticed a green ugly thing
   257 | D        | Noticed a deep elf pyromancer
   261 | D        | Killed a deep elf pyromancer
   266 | D        | Noticed a rust devil
   267 | D        | Killed a green ugly thing
   268 | D        | Reached XP level 9. HP: 84/92 MP: 8/8
   274 | D        | Killed a kobold demonologist
   287 | D        | Killed a deep elf pyromancer
   299 | D        | Killed a boulder beetle
   421 | D        | Noticed a cane toad
   421 | D        | Noticed a boulder beetle
   421 | D        | Noticed a komodo dragon
   421 | D        | Noticed a torpor snail
   424 | D        | Noticed a skyshark
   426 | D        | Noticed a rime drake
   428 | D        | Noticed a black mamba
   432 | D        | Killed a torpor snail
   433 | D        | Reached XP level 10. HP: 88/104 MP: 9/9
   443 | D        | Killed a cane toad
   450 | D        | Killed a skyshark
   451 | D        | Reached skill level 15 in Fighting
   451 | D        | Reached skill level 15 in Armour
   459 | D        | Killed a black mamba
   467 | D        | Killed a boulder beetle
   628 | D        | Noticed a skyshark
   629 | D        | Noticed a death yak
   649 | D        | Killed a skyshark
   653 | D        | Killed a death yak
   654 | D        | Reached XP level 11. HP: 46/115 MP: 10/10
  1188 | D        | Noticed an orc knight
  1192 | D        | Noticed an orc high priest
  1201 | D        | Killed an orc knight
  1218 | D        | Killed an orc high priest
  1400 | D        | Found Peviozo's Weapon Boutique.
  1400 | D        | Noticed a deep troll
  1400 | D        | Noticed an iron troll
  1400 | D        | Noticed a deep troll
  1400 | D        | Noticed a deep troll
  1403 | D        | Noticed an ogre mage
  1411 | D        | Killed a deep troll
  1429 | D        | Killed an iron troll
  1436 | D        | Killed a deep troll
  1441 | D        | Killed a deep troll
  1450 | D        | Killed an ogre mage
  1451 | D        | Found Tedaur's Weapon Shop.
  1455 | D        | Found Olyggued's Jewellery Boutique.
  1457 | D        | Noticed an iron troll
  1458 | D        | Found Qaeps's General Store.
  1458 | D        | Noticed a deep troll
  1459 | D        | Noticed an iron troll
  1481 | D        | Killed an iron troll
  1482 | D        | Reached XP level 12. HP: 75/128 MP: 11/11
  1505 | D        | HP: 3/129 [iron troll (21)]
  1513 | D        | Noticed a stone giant
  1534 | D        | Killed a stone giant
  1810 | D        | Bought a scroll of identify for 28 gold pieces
  1810 | D        | Bought 2 potions of lignification for 84 gold pieces
  1810 | D        | Bought a wand of mindburst (7) for 137 gold pieces
  1810 | D        | Bought a wand of polymorph (4) for 78 gold pieces
  1812 | D        | Bought the ring "Daunkir" {Contam rF+ Will++ Slay+4} for
                  | 743 gold pieces
  1835 | D        | Bought a scroll of enchant armour for 187 gold pieces
  1835 | D        | Bought a condenser vane for 1000 gold pieces
  1835 | D        | Bought a potion of curing for 75 gold pieces
  1835 | D        | Bought an encrusted sapphire ring for 125 gold pieces
  1875 | D        | Bought a scroll of identify for 52 gold pieces
  1875 | D        | Bought a metallic golden potion for 23 gold pieces
  1875 | D        | Bought a box of beasts for 1040 gold pieces
  1875 | D        | Bought a clear potion for 23 gold pieces
  1875 | D        | Bought a runed glaive for 247 gold pieces
  1875 | D        | Bought a spiked plate armour for 728 gold pieces
  1875 | D        | Identified the +14 plate armour of the Clam {rElec Dex-5
                  | SInv} (You bought it in a shop in the Dungeon)
  2076 | D        | Noticed a centaur warrior
  2076 | D        | Noticed an ogre mage
  2079 | D        | Killed an ogre mage
  2080 | D        | Noticed a centaur warrior
  2088 | D        | Noticed a stone giant
  2092 | D        | Noticed a frost giant
  2094 | D        | Killed a centaur warrior
  2099 | D        | Noticed a spriggan air mage
  2101 | D        | Killed a centaur warrior
  2108 | D        | Killed a stone giant
  2109 | D        | Noticed a deep troll shaman
  2111 | D        | Paralysed by a floating eye for 4 turns
  2112 | D        | Noticed a vampire knight
  2118 | D        | Killed a frost giant
  2120 | D        | Paralysed by a floating eye for 2 turns
  2131 | D        | Paralysed by a floating eye for 3 turns
  2132 | D        | Reached skill level 27 in Polearms
  2134 | D        | HP: 6/133 [hell knight/+4 broad axe of flaming (2)]
  2140 | D        | Killed a deep troll shaman
  2150 | D        | Killed a spriggan air mage
  2158 | D        | Killed a vampire knight
  2474 | D        | Noticed Sonja
  2485 | D        | Killed Sonja
  2486 | D        | Reached skill level 1 in Dodging
  2486 | D        | Reached skill level 1 in Evocations
  2627 | D        | Noticed Josephine
  2632 | D        | Reached XP level 13. HP: 134/143 MP: 12/12
  2641 | D        | Killed Josephine
  2665 | D        | Noticed Saint Roka
  2682 | D        | Killed Saint Roka
  2906 | D        | Noticed a merfolk impaler
  2906 | D        | Noticed a merfolk impaler
  2915 | D        | Killed a merfolk impaler
  2926 | D        | Killed a merfolk impaler
  2927 | D        | Reached skill level 5 in Dodging
  3063 | D        | Reached skill level 5 in Evocations
  3265 | D        | Noticed a ghost moth
  3289 | D        | Killed a ghost moth
  3413 | D        | Noticed a bunyip
  3423 | D        | Killed a bunyip
  3424 | D        | Reached skill level 10 in Shields
  3786 | D        | Bought a potion of ambrosia for 152 gold pieces
  3786 | D        | Bought a potion of berserk rage for 95 gold pieces
  3786 | D        | Bought a phantom mirror for 760 gold pieces
  3786 | D        | Bought a scroll of magic mapping for 142 gold pieces
  3790 | D        | Bought a sharpened brass wand for 100 gold pieces
  3790 | D        | Bought a potion of curing for 75 gold pieces
  3790 | D        | Bought a crystal glaive for 287 gold pieces
  3790 | D        | Identified the +9 glaive of Dolyq {vamp, rC- rN+ Int+3}
                  | (You bought it in a shop in the Dungeon)
  3790 | D        | Bought a wand of flame (9) for 157 gold pieces
  3790 | D        | Bought a gold wand for 100 gold pieces
  3821 | D        | Noticed Frances
  3832 | D        | Killed Frances
  3968 | D        | Noticed a shadow dragon
  3968 | D        | Noticed a stone giant
  3968 | D        | Noticed a stone giant
  3968 | D        | Noticed a vampire knight
  3968 | D        | Noticed a stone giant
  3972 | D        | Killed a vampire knight
  3977 | D        | Killed a stone giant
  3983 | D        | Killed a stone giant
  3984 | D        | Reached XP level 14. HP: 157/157 MP: 13/13
  3984 | D        | Noticed a fire giant
  3989 | D        | Killed a stone giant
  3990 | D        | Reached skill level 10 in Dodging
  3994 | D        | Noticed a vampire knight
  4005 | D        | Killed a shadow dragon
  4020 | D        | Killed a fire giant
  4034 | D        | Killed a vampire knight
  4043 | D        | Noticed a stone giant
  4060 | D        | Killed a stone giant
  4071 | D        | Reached skill level 10 in Evocations
  4198 | D        | Bought a phial of floods for 1000 gold pieces
  4308 | D        | Noticed an ironbound preserver
  4308 | D        | Noticed a vault warden
  4326 | D        | Killed a vault warden
  4331 | D        | Killed an ironbound preserver
  4332 | D        | Noticed an ironbound thunderhulk
  4335 | D        | Noticed a vault warden
  4356 | D        | Killed an ironbound thunderhulk
  4357 | D        | Noticed an ironbound thunderhulk
  4362 | D        | Killed a vault warden
  4363 | D        | Noticed an ironbound preserver
  4377 | D        | Killed an ironbound preserver
  4380 | D        | Killed an ironbound thunderhulk
  4381 | D        | Reached skill level 15 in Shields
  4393 | D        | Noticed a tentacled monstrosity
  4393 | D        | Noticed a sphinx
  4405 | D        | Killed a tentacled monstrosity
  4426 | D        | Killed a sphinx
  4598 | D        | Bought a scroll of identify for 58 gold pieces
  4598 | D        | Bought a potion of mutation for 232 gold pieces
  4598 | D        | Bought a scroll labelled MEPTEHATSU for 29 gold pieces
  4598 | D        | Bought a potion of might for 116 gold pieces
  4598 | D        | Bought a wand of mindburst (7) for 284 gold pieces
  4612 | D        | Noticed Donald
  4620 | D        | Killed Donald
  4712 | D        | Noticed Jory
  4727 | D        | Killed Jory
  4728 | D        | Reached XP level 15. HP: 114/170 MP: 14/14
  5033 | D        | Noticed Louise
  5048 | D        | Noticed a tengu reaver
  5055 | D        | Killed Louise
  5061 | D        | Killed a tengu reaver
  5203 | D        | Noticed Sojobo
  5204 | D        | Noticed a tengu reaver
  5205 | D        | Paralysed by an air elemental for 1 turns
  5216 | D        | Killed Sojobo
  5220 | D        | Killed a tengu reaver
  5221 | D        | Reached skill level 15 in Dodging
  5274 | D        | Noticed an emperor scorpion
  5274 | D        | Noticed an emperor scorpion
  5274 | D        | Noticed an emperor scorpion
  5282 | D        | Killed an emperor scorpion
  5288 | D        | Noticed an emperor scorpion
  5292 | D        | Killed an emperor scorpion
  5300 | D        | Killed an emperor scorpion
  5315 | D        | Killed an emperor scorpion
  5356 | D        | Got a gossamer rune of Zot
  5444 | D        | Noticed Ilsuiw
  5476 | D        | Killed Ilsuiw
  5526 | D        | Got a barnacled rune of Zot
  5577 | D        | Noticed a nagaraja
  5577 | D        | Noticed a nagaraja
  5578 | D        | Noticed a nagaraja
  5581 | D        | Killed a nagaraja
  5585 | D        | Noticed a nagaraja
  5594 | D        | Killed a nagaraja
  5603 | D        | Killed a nagaraja
  5606 | D        | Killed a nagaraja
  5607 | D        | Reached skill level 27 in Fighting
  5607 | D        | Reached skill level 27 in Armour
  5610 | D        | Noticed a nagaraja
  5617 | D        | Reached skill level 15 in Evocations
  5623 | D        | Killed a nagaraja
  5624 | D        | Reached skill level 1 in Axes
  5624 | D        | Reached skill level 1 in Maces & Flails
  5638 | D        | Got a serpentine rune of Zot
  5692 | D        | Reached skill level 5 in Axes
  5692 | D        | Reached skill level 5 in Maces & Flails
  5699 | D        | Reached XP level 16. HP: 183/183 MP: 15/15
  5719 | D        | Got a decaying rune of Zot
  5749 | D        | Bought a scroll of identify for 26 gold pieces
  5749 | D        | Bought a wand of light (5) for 273 gold pieces
  5749 | D        | Bought a scroll of vulnerability for 52 gold pieces
  5763 | D        | Bought a potion of curing for 96 gold pieces
  5763 | D        | Bought a potion of ambrosia for 256 gold pieces
  5763 | D        | Bought a scroll of identify for 64 gold pieces
  5763 | D        | Bought a potion of ambrosia for 256 gold pieces
  5763 | D        | Bought a scroll of identify for 64 gold pieces
  5772 | D        | Noticed Boris
  5782 | D        | Killed Boris
  5997 | D        | Reached skill level 10 in Axes
  5997 | D        | Reached skill level 10 in Maces & Flails
  6084 | D        | Noticed a tentacled monstrosity
  6092 | D        | Killed a tentacled monstrosity
  6099 | D        | Noticed a tengu reaver
  6107 | D        | Noticed a shadow dragon
  6114 | D        | Identified the ring of the Salmon {Fly Stlth+}
  6114 | D        | Noticed a shadow dragon
  6127 | D        | Killed a tengu reaver
  6130 | D        | Identified the +0 tower shield of Taewion {Int+4}
  6132 | D        | Killed a shadow dragon
  6142 | D        | Killed a shadow dragon
  6225 | D        | Identified a scroll of acquirement
  6226 | D        | Acquired the amulet "Biwimac" {RegenMP rElec rF+++ Will-
                  | Str+3}
  6251 | D        | Noticed a quicksilver dragon
  6251 | D        | Noticed a quicksilver dragon
  6251 | D        | Noticed a shadow dragon
  6251 | D        | Noticed a shadow dragon
  6252 | D        | Noticed a shadow dragon
  6255 | D        | Noticed a shadow dragon
  6255 | D        | Killed a shadow dragon
  6263 | D        | Killed a shadow dragon
  6264 | D        | Noticed a lich
  6279 | D        | Killed a shadow dragon
  6298 | D        | Killed a shadow dragon
  6302 | D        | Killed a quicksilver dragon
  6308 | D        | Killed a quicksilver dragon
  6313 | D        | Killed a lich
  6329 | D        | Got a silver rune of Zot
  6331 | D        | Got the Writings on the Unstable Bane
  6372 | D        | Bought a pair of embroidered gloves for 232 gold pieces
  6372 | D        | Bought a viscous clear potion for 27 gold pieces
  6475 | D        | Got the ring of Winiowk {Str+3 Int+2}
  6481 | D        | Got the ring of Dybuukir {rPois Will- Str+2 Dex+2 Slay+3}
  6489 | D        | Got the ring of Tireisto {*Slow rC+++ EV+3 Int-5 SInv}
  6491 | D        | Got the ring "Adill" {rElec rPois rCorr Dex+5}
  6493 | D        | Got the ring of Eluf {rN+ Will+ Dex+3}
  6505 | D        | Got the +5 bardiche of the Crafting Spider {freeze, rElec
                  | Will+ Stlth+}
  9113 | D        | Noticed Mennas
  9135 | D        | Killed Mennas
  9136 | D        | Reached skill level 15 in Axes
  9136 | D        | Reached skill level 15 in Maces & Flails
  9232 | D        | Noticed Nessos
  9236 | D        | Killed Nessos
  9237 | D        | Reached XP level 17. HP: 191/191 MP: 14/16
  9243 | D        | Noticed Frederick
  9256 | D        | Killed Frederick
  9286 | D        | Paralysed by a vampire knight for 4 turns
  9368 | D        | Noticed a bone dragon
  9375 | D        | Noticed a bone dragon
  9385 | D        | Killed a bone dragon
  9406 | D        | Killed a bone dragon
  9612 | D        | Noticed a tentacled monstrosity
  9623 | D        | Killed a tentacled monstrosity
  9787 | D        | Bought the amulet of the Air {Inacc Air Fly rElec RMsl} for
                  | 639 gold pieces
  9787 | D        | Found the amulet of the Air {Inacc Air Fly rElec RMsl}
  9796 | D        | Bought a lightning rod (4/4) for 420 gold pieces
  9870 | D        | Noticed an Orb Guardian
  9870 | D        | Noticed an Orb Guardian
  9870 | D        | Noticed an Orb Guardian
  9870 | D        | Noticed an Orb Guardian
  9870 | D        | Noticed an Orb Guardian
  9870 | D        | Noticed an Orb Guardian
  9872 | D        | Killed an Orb Guardian
  9875 | D        | Noticed an Orb Guardian
  9876 | D        | Killed an Orb Guardian
  9877 | D        | Reached skill level 27 in Shields
  9883 | D        | Killed an Orb Guardian
  9887 | D        | Killed an Orb Guardian
  9895 | D        | Killed an Orb Guardian
  9899 | D        | Killed an Orb Guardian
  9908 | D        | Killed an Orb Guardian
  9911 | D        | Noticed an Orb Guardian
  9912 | D        | Noticed an Orb Guardian
  9912 | D        | Noticed an Orb Guardian
  9918 | D        | Killed an Orb Guardian
  9922 | D        | Killed an Orb Guardian
  9926 | D        | Killed an Orb Guardian
  9927 | D        | Reached XP level 18. HP: 156/200 MP: 0/17
 10009 | D        | Noticed an Orb Guardian
 10009 | D        | Noticed an Orb Guardian
 10014 | D        | Noticed an Orb Guardian
 10018 | D        | Killed an Orb Guardian
 10024 | D        | Killed an Orb Guardian
 10025 | D        | Noticed an Orb Guardian
 10035 | D        | Killed an Orb Guardian
 10046 | D        | Killed an Orb Guardian
 10072 | D        | Noticed an ancient lich
 10079 | D        | Killed an ancient lich
 10083 | D        | Noticed an orb of fire
 10084 | D        | Gained mutation: You are clumsy. (Dex -2) [an orb of fire]
 10096 | D        | Gained mutation: Your spells are a little easier to cast,
                  | but a little less powerful. [an orb of fire]
 10097 | D        | Killed an orb of fire
 10101 | D        | Noticed an electric golem
 10111 | D        | Killed an electric golem
 10231 | D        | Noticed an ancient lich
 10231 | D        | Noticed an Orb Guardian
 10231 | D        | Noticed an ancient lich
 10231 | D        | Noticed a Killer Klown
 10231 | D        | Noticed an orb of fire
 10233 | D        | Noticed an orb of fire
 10248 | D        | Killed an orb of fire
 10250 | D        | Noticed an ancient lich
 10255 | D        | Killed an ancient lich
 10256 | D        | Reached skill level 27 in Dodging
 10264 | D        | Noticed an electric golem
 10264 | D        | Gained mutation: You are weak. (Str -2) [an orb of fire]
 10267 | D        | Noticed an ancient lich
 10274 | D        | Noticed a golden dragon
 10275 | D        | Gained mutation: You are very clumsy. (Dex -4) [an orb of
                  | fire]
 10276 | D        | Killed an ancient lich
 10281 | D        | Gained mutation: You occasionally lose the ability to read
                  | scrolls when taking damage. [an orb of fire]
 10288 | D        | Gained mutation: You sometimes lose your temper in combat.
                  | [an orb of fire]
 10289 | D        | Killed an orb of fire
 10292 | D        | Noticed an ancient lich
 10293 | D        | Reached skill level 5 in Staves
 10304 | D        | Killed an ancient lich
 10311 | D        | Killed an ancient lich
 10316 | D        | Killed an ancient lich
 10331 | D        | Killed an electric golem
 10333 | D        | Killed an Orb Guardian
 10337 | D        | Killed a Killer Klown
 10338 | D        | Reached skill level 10 in Staves
 10340 | D        | Killed a golden dragon
 10344 | D        | Reached skill level 10 in Ranged Weapons
 10398 | D        | Noticed an Orb Guardian
 10398 | D        | Noticed an Orb Guardian
 10398 | D        | Noticed an Orb Guardian
 10398 | D        | Noticed an Orb Guardian
 10398 | D        | Noticed an Orb Guardian
 10398 | D        | Noticed an Orb Guardian
 10403 | D        | Killed an Orb Guardian
 10408 | D        | Killed an Orb Guardian
 10409 | D        | Noticed an Orb Guardian
 10411 | D        | Killed an Orb Guardian
 10413 | D        | Killed an Orb Guardian
 10418 | D        | Killed an Orb Guardian
 10418 | D        | Noticed an Orb Guardian
 10419 | D        | Noticed an Orb Guardian
 10424 | D        | Killed an Orb Guardian
 10432 | D        | Annihilated by an Orb Guardian

Illustrated notes

Levels and vault maps discovered:
D:        linesprint [early_d, line_temple, items_1, d_10, items_2, lair_1,
          lair_end, items_3, orc_1, orc_end, items_4, d_15, swamp_1, shoals_1,
          snake_1, spider_1, d_20, vaults_1, items_5, swamp_end, shoals_end,
          snake_end, spider_end, vaults_end, d_27, items_6, zot_1, zot_end,
          crypt_end, forest_end, elf_end, slime_end, tomb_end, abyss_end,
          pan_hell_end]

Skill      XL: |  1  2  3  4  5  6  7  8  9 10 11 12 13 14 15 16 17 18 |
---------------+-------------------------------------------------------+-----
Polearms       | 8 11 13 15 17 19 21 24 27 | 27.0
Fighting       | 6 7 9 11 12 14 16 18 21 23 25 27 | 27.0
Armour         | 6 7 9 11 12 14 16 18 21 23 25 27 | 27.0
Dodging        | 1 9 14 18 21 25 27 | 27.0
Shields        | 4 11 16 20 23 27 | 27.0
Evocations     | 1 8 12 15 18 22 24 | 24.9
Axes           | 5 15 21 26 | 26.2
Maces & Flails | 5 15 21 26 | 26.3
Staves         | 12 | 12.4
Ranged Weapons | 11 | 11.4

Action                     |  1- 3 |  4- 6 |  7- 9 | 10-12 | 13-15 | 16-18 || total
---------------------------+-------+-------+-------+-------+-------+-------++-------
  Melee: Trident           |    21 |    26 |       |       |       |       ||    47
         Headbutt          |     2 |     5 |    15 |    80 |   169 |   205 ||   476
         Halberd           |       |     3 |    68 |   338 |   183 |       ||   592
         Glaive            |       |       |       |       |   447 |   802 ||  1249
 Invoke: Call Merchant     |       |       |       |     5 |     3 |     6 ||    14
    Use: Potion            |     1 |       |     1 |    11 |     1 |     4 ||    18
         Scroll            |       |       |       |     3 |    10 |     8 ||    21
   Stab: Distracted        |       |       |       |     3 |     8 |     5 ||    16
 Armour: Scale mail        |    11 |    13 |    21 |    27 |       |       ||    72
         Plate armour      |       |       |       |   105 |   385 |   389 ||   879
         Chain mail        |       |       |       |     3 |       |       ||     3
  Dodge: Dodged            |     6 |    12 |    19 |    96 |   171 |   267 ||   571
         Repelled          |       |       |       |       |       |    12 ||    12
  Block: Buckler           |     7 |     2 |       |       |       |       ||     9
         Other             |       |       |     1 |    51 |    99 |    14 ||   165
